Map: Abyssal Reef LE

Players

Bly - Winner!

  • Race: Zerg Zerg
  • Spawn Location: 5:00

KebabKing (SpaceMarine)

  • Race: Protoss Protoss
  • Spawn Location: 11:00

Event: WCS Jonkoping 2017

VOD

Have the link to the VOD?

Description

Time

  • Played on: June 17, 2017, 10:06 a.m.
  • Length: 18:29

All games in this series

Show
View Real Time Build Order
Export as new Build Order

Bly Zerg - Winner!

Build Orders: Hatch First, Lurkers 

Get SALT Encoding   

  12  0:01  Drone  
  13  0:12  Overlord  
  13  0:19  Drone  
  14  0:31  Drone x2  
  16  0:36  Drone  
  17  0:52  Hatchery  
  16  0:58  Drone x2  
  16  1:01  Extractor  
  17  1:15  Spawning Pool  
  17  1:18  Drone  
  17  1:24  Drone  
  18  1:32  Extractor  
  18  1:33  Drone  
  18  1:41  Drone  
  19  1:50  Overlord  
  19  2:03  Queen, Drone  
  19  2:05  Queen  
  24  2:11  Metabolic Boost  
  24  2:15  Zergling x2  
  25  2:18  Zergling x2  
  26  2:23  Drone  
  26  2:24  Drone  
  26  2:29  Drone  
  29  2:32  Drone  
  29  2:36  Drone  
  31  2:46  Queen  
  33  2:57  Hatchery  
  32  2:59  Zergling x2  
  32  3:00  Zergling x2  
  32  3:03  Zergling x2  
  35  3:06  Zergling x2  
  34  3:21  Drone x2  
  35  3:27  Zergling x2  
  35  3:29  Overlord x2  
  35  3:30  Evolution Chamber  
  34  3:41  Drone  
  34  3:42  Drone  
  34  3:47  Overlord  
  36  3:51  Drone x3  
  36  3:52  Drone  
  36  3:55  Lair  
  40  3:59  Drone  
  40  4:01  Drone x2  
  42  4:03  Drone  
  42  4:07  Drone  
  42  4:08  Drone  
  44  4:10  Drone  
  44  4:15  Drone x3  
  47  4:23  Zergling x6  
  50  4:24  Spore Crawler  
  48  4:39  Extractor  
  48  4:40  Spore Crawler  
  48  4:45  Zergling x14  
  53  4:50  Overlord  
  53  4:51  Spore Crawler  
  51  4:55  Overseer  
  51  4:59  Roach Warren  
  50  5:10  Drone x3  
  50  5:12  Extractor, Queen x2  
  56  5:24  Evolution Chamber  
  55  5:41  Roach x9  
  73  5:51  Overlord x2  
  73  5:55  Overlord  
  70  6:04  Drone x7  
  70  6:07  Drone  
  73  6:13  Drone  
  73  6:14  Drone x3  
  73  6:17  Drone x2  
  75  6:27  Overseer  
  75  6:36  Drone x3  
  76  6:45  Drone x5  
  81  6:50  Drone x3  
  81  6:51  Extractor  
  81  6:52  Hydralisk Den  
  82  6:54  Drone  
  82  6:55  Drone x2  
  82  6:56  Drone x2  
  82  6:58  Drone x2  
  84  7:09  Drone x4  
  84  7:10  Drone x2  
  84  7:15  Drone  
  91  7:16  Zerg Melee Weapons Level 1  
  91  7:20  Baneling Nest  
  90  7:26  Drone x8  
  98  7:30  Extractor x2  
  98  7:32  Muscular Augments, Overlord  
  98  7:34  Zerg Missile Weapons Level 1  
  96  7:49  Overlord x2  
  96  7:50  Hatchery  
  95  7:55  Hydralisk  
  97  8:02  Overlord x3  
  97  8:11  Overlord  
  97  8:12  Centrifical Hooks  
  89  8:21  Hydralisk x11  
  101  8:32  Glial Reconstitution  
  103  8:34  Roach x7  
  114  8:43  Hydralisk x3  
  114  8:46  Zergling x2  
  114  8:47  Zergling x6  
  124  8:52  Overseer  
  124  8:59  Zergling x2  
  124  9:00  Zergling x16  
  133  9:07  Overseer, Zergling x4  
  135  9:13  Spore Crawler  
  134  9:20  Lurker Den, Zergling x10  
  134  9:23  Zerg Melee Weapons Level 2  
  139  9:27  Baneling x12  
  139  9:38  Zergling x2  
  139  9:39  Zergling x10  
  139  9:40  Baneling  
  139  9:41  Baneling x8  
  145  9:52  Hydralisk x3  
  147  9:53  Drone  
  147  9:55  Overlord x4  
  152  10:09  Baneling  
  152  10:10  Baneling x11  
  152  10:13  Overlord x2  
  151  10:16  Drone x4  
  151  10:17  Drone x5  
  144  10:28  Zergling x2  
  144  10:29  Zergling x16  
  144  10:42  Zergling x16  
  114  10:59  Hydralisk x7  
  124  11:10  Baneling x6  
  123  11:14  Spire  
  123  11:15  Hydralisk x7  
  132  11:25  Hydralisk  
  132  11:26  Hydralisk x2, Zergling x2  
  132  11:27  Zergling x6  
  126  11:41  Zergling x20  
  132  11:50  Baneling x2  
  132  11:52  Zergling x8  
  136  11:58  Extractor  
  136  12:00  Extractor  
  135  12:01  Drone  
  135  12:04  Hatchery, Baneling  
  135  12:05  Baneling x7  
  135  12:08  Zergling x8  
  136  12:09  Zergling x2  
  138  12:18  Baneling x2  
  137  12:23  Lurker x3  
  131  12:34  Mutalisk x5  
  131  12:36  Drone x2  
  131  12:37  Drone x5  
  137  12:48  Baneling x5  
  137  12:49  Baneling  
  138  12:51  Lurker x5  
  138  12:53  Zergling x20  
  152  13:00  Hatchery  
  152  13:01  Baneling x4  
  152  13:02  Baneling  
  151  13:06  Mutalisk x2  
  155  13:15  Zergling x2  
  155  13:16  Zergling x26  
  169  13:20  Zergling x10  
  157  13:36  Zergling x14  
  157  13:41  Baneling x11  
  164  13:43  Zergling x6  
  164  13:46  Extractor  
  165  13:50  Extractor  
  163  14:03  Mutalisk  
  163  14:04  Mutalisk x6  
  174  14:19  Zergling x2  
  174  14:20  Zergling x14  
  177  14:28  Baneling x11  
  177  14:29  Baneling x8  
  177  14:30  Mutalisk  
  168  14:34  Zergling x6  
  159  14:42  Baneling x4  
  154  14:54  Mutalisk x2  
  154  14:56  Zergling x8  
  162  15:06  Zergling x2  
  164  15:07  Zergling x4  
  164  15:11  Drone x3  
  164  15:12  Hatchery  
  136  15:39  Drone x9  
  145  15:44  Extractor  
  144  15:50  Baneling  
  142  16:13  Baneling  
  142  16:14  Baneling x6  
  142  16:31  Baneling x6  
  142  16:33  Lurker x2  
  142  16:34  Lurker  
  145  16:40  Hatchery  
  142  16:50  Hydralisk  
  142  16:51  Hydralisk x4  
  138  17:08  Hydralisk x5  
  138  17:09  Hydralisk  
  150  17:19  Drone x3  
  153  17:29  Hydralisk x5  
  153  17:30  Hydralisk x2  
  167  17:42  Overseer x3  
  167  17:47  Hydralisk  
  163  17:56  Drone  
  163  17:57  Drone x9  
Show
View Real Time Build Order
Export as new Build Order

KebabKing Protoss 

Build Orders: 1 Gate Expand 

Get SALT Encoding   

  12  0:01  Probe (Chrono Boost)  
  13  0:11  Probe (Chrono Boost)  
  14  0:18  Pylon  
  14  0:22  Probe (Chrono Boost)  
  15  0:36  Probe (Chrono Boost), Gateway  
  15  0:41  Assimilator  
  16  0:47  Probe (Chrono Boost)  
  17  0:57  Probe (Chrono Boost)  
  18  1:08  Probe (Chrono Boost)  
  19  1:18  Nexus  
  19  1:28  Cybernetics Core  
  19  1:31  Probe (Chrono Boost)  
  20  1:42  Probe (Chrono Boost)  
  20  1:45  Pylon  
  21  1:52  Probe (Chrono Boost), Assimilator  
  22  1:57  Assimilator  
  22  2:05  Mothership Core (Chrono Boost)  
  24  2:09  Adept (Chrono Boost)  
  26  2:23  Probe (Chrono Boost), Warp Gate  
  26  2:29  Probe  
  27  2:35  Probe, Adept (Chrono Boost)  
  31  2:39  Probe  
  32  2:47  Probe (Chrono Boost)  
  32  2:51  Probe (Chrono Boost)  
  34  2:59  Probe (Chrono Boost)  
  34  3:01  Twilight Council, Adept  
  34  3:03  Probe (Chrono Boost)  
  38  3:10  Probe (Chrono Boost)  
  39  3:13  Probe (Chrono Boost)  
  37  3:21  Probe (Chrono Boost)  
  37  3:24  Probe (Chrono Boost)  
  36  3:31  Probe (Chrono Boost)  
  35  3:34  Probe (Chrono Boost)  
  36  3:43  Gateway  
  36  3:45  Gateway  
  36  3:48  Gateway  
  36  3:53  Resonating Glaives (Chrono Boost)  
  36  3:55  Probe  
  36  3:56  Probe  
  38  4:03  Pylon  
  38  4:05  Probe  
  39  4:11  Pylon  
  39  4:12  Pylon  
  39  4:16  Probe x2  
  39  4:39  Probe  
  39  4:40  Probe  
  39  4:44  Pylon  
  41  4:50  Probe, Adept  
  44  4:54  Probe  
  44  4:58  Adept x3  
  51  5:06  Probe  
  51  5:07  Pylon  
  51  5:08  Probe  
  51  5:11  Adept  
  55  5:17  Probe  
  55  5:18  Adept x2  
  55  5:19  Adept  
  62  5:22  Pylon  
  62  5:25  Probe  
  63  5:29  Pylon  
  63  5:30  Nexus  
  63  5:32  Pylon, Adept  
  63  5:33  Probe  
  66  5:37  Probe  
  66  5:42  Sentry x2  
  68  5:43  Sentry  
  72  5:50  Probe  
  72  5:52  Probe  
  72  6:07  Probe  
  72  6:11  Probe  
  65  6:17  Stargate  
  60  6:18  Stargate  
  60  6:19  Probe, Adept  
  60  6:20  Adept  
  60  6:21  Probe  
  60  6:22  Zealot  
  66  6:28  Adept  
  66  6:31  Probe  
  67  6:49  Probe  
  67  6:51  Probe x2  
  70  7:01  Probe x2  
  70  7:03  Probe  
  70  7:05  Phoenix (Chrono Boost)  
  70  7:06  Phoenix (Chrono Boost)  
  71  7:12  Probe  
  71  7:13  Probe, Assimilator x2  
  71  7:15  Probe, Robotics Facility  
  74  7:17  Robotics Facility  
  74  7:21  Forge  
  74  7:22  Probe  
  74  7:25  Probe  
  74  7:27  Probe  
  74  7:29  Zealot x4  
  85  7:33  Probe, Pylon  
  85  7:34  Pylon  
  85  7:36  Phoenix (Chrono Boost)  
  88  7:37  Probe  
  88  7:39  Probe  
  88  7:44  Probe  
  90  7:49  Probe  
  92  7:53  Assimilator  
  92  7:55  Zealot x4, Pylon  
  92  7:57  Pylon  
  100  8:04  Immortal x2 (Chrono Boost)  
  98  8:27  Zealot x2  
  98  8:28  Zealot x2  
  98  8:32  Protoss Ground Weapons Level 1 (Chrono Boost)  
  106  8:35  Pylon  
  106  8:39  Immortal x2 (Chrono Boost)  
  114  8:45  Nexus  
  114  8:48  Charge (Chrono Boost)  
  114  8:53  Gateway  
  114  8:54  Gateway  
  114  8:55  Templar Archives  
  114  8:58  Gateway  
  114  9:02  Gateway, Adept x4  
  116  9:17  Observer, Pylon  
  116  9:19  Gateway  
  116  9:20  Pylon  
  116  9:21  Gateway, Warp Prism  
  116  9:23  Pylon x2  
  119  9:35  Psionic Storm  
  111  9:44  High Templar x3  
  111  9:45  Immortal  
  121  9:46  High Templar  
  123  9:58  Photon Cannon  
  123  9:59  Immortal  
  127  10:01  Zealot  
  127  10:02  Zealot x3  
  135  10:13  Probe x4  
  137  10:25  Probe  
  137  10:27  Zealot  
  112  10:30  Zealot x6  
  119  10:37  Archon x2  
  96  10:44  Immortal x2  
  100  10:50  High Templar x4  
  100  10:51  Zealot x4  
  111  11:02  Probe  
  111  11:03  Probe x3  
  111  11:10  Zealot x2  
  115  11:11  Zealot x3  
  115  11:15  Zealot  
  121  11:27  Zealot x4  
  115  11:40  Immortal (Chrono Boost)  
  115  11:46  Zealot, Nexus  
  125  11:58  High Templar x6  
  137  12:02  Archon x2  
  137  12:03  Archon  
  137  12:05  Immortal (Chrono Boost)  
  137  12:10  Zealot  
  137  12:11  Zealot x3  
  145  12:18  Observer (Chrono Boost)  
  142  12:35  Zealot x5  
  142  12:36  Zealot  
  148  12:38  Observer (Chrono Boost)  
  149  12:46  Pylon x3  
  149  12:47  Pylon  
  149  12:56  Immortal (Chrono Boost)  
  149  12:58  Observer (Chrono Boost)  
  154  13:01  Assimilator  
  154  13:04  Sentry  
  154  13:05  Assimilator  
  156  13:07  High Templar x4  
  156  13:09  Zealot x4  
  156  13:12  Archon x2  
  172  13:13  Protoss Ground Weapons Level 2 (Chrono Boost)  
  172  13:19  Stargate  
  172  13:23  Stalker  
  148  13:45  Probe x3  
  151  13:50  Nexus  
  151  13:52  Fleet Beacon  
  151  13:55  Stalker  
  142  13:57  Probe, Phoenix  
  142  14:01  Phoenix  
  141  14:22  Phoenix  
  138  14:26  Phoenix  
  138  14:36  Stalker x2  
  138  14:37  Stalker x2  
  142  14:45  Phoenix  
  142  14:51  Phoenix  
  144  15:06  Zealot x3  
  142  15:07  High Templar x2  
  132  15:34  Anion Pulse-Crystals (Chrono Boost)  
  74  15:38  Immortal (Chrono Boost)  
  74  15:42  Immortal (Chrono Boost)  
  82  15:51  Phoenix  
  82  15:55  Nexus  
  84  16:10  Phoenix (Chrono Boost)  
  86  16:16  Zealot x5  
  86  16:17  Zealot  
  86  16:36  Phoenix (Chrono Boost)  
  86  16:39  Phoenix (Chrono Boost)  
  86  17:05  Observer  
  85  17:21  High Templar  
  85  17:22  High Templar  
  89  17:23  Nexus  
  89  17:26  Archon  
  87  18:22  High Templar x2  
Tags
 
Add a new tag
Caveats
  • Supply blocks, unpowered buildings, or Contaminate may cause inaccurate times.
  • Supply counts are checked every 10 seconds.